Map: World of Sleepers LE

Players

Extreme

  • Race: Terran Terran
  • League: Platinum
  • Spawn Location: 1:00

ViBE - Winner!

  • Race: Protoss Protoss
  • League: Platinum
  • Spawn Location: 7:00

VOD

Have the link to the VOD?

Description

Time

  • Played on: Dec. 10, 2019, 7:20 p.m.
  • Length: 12:30
Show
View Real Time Build Order
Export as new Build Order

Extreme Terran 

Build Orders: Reaper Expand 

Get SALT Encoding   

  12  0:01  SCV  
  13  0:13  SCV  
  14  0:17  Supply Depot  
  14  0:25  SCV  
  15  0:39  SCV  
  15  0:40  Barracks  
  16  0:45  Refinery  
  16  0:51  SCV  
  17  1:03  SCV  
  18  1:15  SCV  
  19  1:28  Reaper  
  19  1:29  Orbital Command  
  20  1:45  Command Center  
  20  1:55  SCV  
  20  2:00  Marine  
  22  2:03  Supply Depot  
  22  2:07  SCV  
  23  2:10  Refinery  
  23  2:22  Barracks Reactor  
  23  2:25  SCV  
  24  2:37  SCV  
  25  2:46  Factory  
  25  2:49  SCV  
  26  2:58  Orbital Command  
  26  3:00  Marine x2  
  26  3:01  SCV  
  29  3:13  SCV  
  29  3:18  Marine x2  
  32  3:25  SCV x2  
  34  3:31  Starport  
  34  3:37  SCV x2  
  36  3:49  SCV x2, Barracks Reactor  
  36  3:50  Widow Mine x2  
  42  4:01  SCV x2  
  42  4:02  Supply Depot  
  44  4:04  Supply Depot  
  44  4:13  Medivac  
  46  4:19  Engineering Bay  
  46  4:23  SCV x2  
  48  4:25  Supply Depot  
  48  4:26  Marine  
  48  4:27  Marine  
  48  4:30  Barracks  
  50  4:35  SCV x2  
  52  4:46  Terran Infantry Weapons Level 1  
  52  4:48  SCV x2, Supply Depot  
  52  4:50  Command Center  
  52  4:51  Starport Reactor  
  54  4:54  Marine  
  54  4:55  Marine  
  55  5:04  Barracks, Factory Tech Lab  
  55  5:10  Engineering Bay  
  55  5:12  Marine x2, Supply Depot  
  58  5:14  SCV x2  
  58  5:17  Refinery  
  58  5:18  Refinery  
  58  5:19  Barracks Tech Lab  
  59  5:22  Barracks  
  59  5:25  Siege Tank  
  59  5:26  SCV  
  63  5:29  Medivac x2  
  67  5:37  Marine, Supply Depot  
  67  5:38  Marine, Supply Depot  
  69  5:43  Stimpack  
  69  5:44  SCV  
  69  5:48  Terran Infantry Armor Level 1  
  70  5:51  Marauder  
  70  5:53  SCV  
  70  5:57  Liberator x2  
  73  6:03  SCV, Orbital Command  
  74  6:12  Barracks Tech Lab  
  80  6:20  Marine x4  
  80  6:22  Marauder  
  86  6:43  SCV x2  
  88  6:49  Combat Shield  
  88  6:50  Armory, Orbital Command  
  88  6:52  Siege Tank  
  89  6:54  Marine x3  
  89  6:55  SCV, Marauder  
  89  6:56  SCV  
  89  7:01  Supply Depot  
  94  7:02  Supply Depot  
  94  7:05  Marauder  
  94  7:08  SCV  
  97  7:15  Factory  
  97  7:18  SCV x2  
  99  7:23  Marine  
  99  7:24  Marine  
  101  7:30  SCV x3  
  101  7:36  Supply Depot  
  104  7:38  Supply Depot  
  104  7:41  Marine x2  
  104  7:42  Marauder x2  
  110  7:44  Terran Infantry Weapons Level 2  
  110  7:46  Terran Infantry Armor Level 2  
  110  7:48  Refinery  
  98  8:03  Marine x4, Marauder  
  98  8:04  Factory Tech Lab  
  86  8:10  Marine  
  86  8:11  Siege Tank  
  86  8:12  SCV x3  
  86  8:19  Barracks  
  86  8:21  Marine, Barracks x2, Drilling Claws  
  86  8:23  Medivac  
  86  8:25  Starport  
  89  8:28  Marine x2  
  89  8:29  Marauder  
  93  8:38  Siege Tank  
  96  8:49  Marine x3  
  96  8:51  Starport  
  96  8:52  Medivac  
  101  8:58  Terran Vehicle And Ship Armor Level 1  
  101  8:59  SCV x3  
  104  9:05  Command Center  
  104  9:14  Barracks Tech Lab  
  104  9:15  Barracks Tech Lab  
  104  9:16  Starport Reactor  
  104  9:17  Factory  
  104  9:24  Marine x3, Barracks Tech Lab  
  105  9:26  Marauder x2  
  111  9:33  Liberator x2  
  111  9:38  Supply Depot  
  111  9:39  Supply Depot  
  111  9:40  Supply Depot  
  111  9:45  Marine x3  
  113  9:49  Starport Reactor  
  120  9:54  Marine  
  120  9:56  Marauder x4  
  129  10:00  Siege Tank  
  129  10:04  Factory Reactor  
  132  10:10  Liberator  
  132  10:12  Command Center  
  132  10:18  Liberator  
  132  10:24  Marine x2  
  132  10:25  Marine x3  
  132  10:26  Marauder x4  
  148  10:39  Widow Mine x2  
  148  10:41  Concussive Shells  
  155  10:44  Widow Mine x2  
  159  11:00  Marauder x2  
  163  11:07  Liberator  
  106  11:19  Marine x3  
  106  11:20  Marauder x2  
  106  11:23  Medivac  
  106  11:24  Medivac x2  
  104  11:39  Marine x4  
  112  11:40  Marauder x2  
  112  11:41  Widow Mine x2  
  112  11:50  Marine  
  112  11:52  Cyclone x2  
  112  11:53  Marine  
  112  11:54  Marine  
  103  11:56  Marine  
  74  12:01  Marine x4  
  74  12:02  Marine  
  74  12:08  Marine  
  63  12:11  Marine x2  
Show
View Real Time Build Order
Export as new Build Order

ViBE Protoss - Winner!

Build Orders: 1 Gate Expand, Archon Immortal 

Get SALT Encoding   

  12  0:01  Probe  
  13  0:13  Probe  
  14  0:17  Pylon  
  14  0:25  Probe  
  15  0:37  Probe  
  15  0:40  Gateway  
  16  0:48  Assimilator  
  16  0:49  Probe (Chrono Boost)  
  17  1:01  Probe (Chrono Boost)  
  18  1:06  Probe (Chrono Boost)  
  19  1:17  Probe  
  20  1:29  Probe  
  21  1:36  Nexus  
  21  1:42  Probe  
  21  1:43  Cybernetics Core  
  22  1:51  Pylon  
  22  1:55  Probe  
  23  2:04  Assimilator  
  23  2:07  Probe  
  23  2:19  Probe (Chrono Boost), Warp Gate, Stalker  
  27  2:31  Probe (Chrono Boost)  
  27  2:32  Pylon  
  27  2:37  Probe (Chrono Boost)  
  28  2:47  Probe (Chrono Boost)  
  28  2:49  Sentry  
  31  2:52  Probe (Chrono Boost)  
  33  3:02  Probe x2 (Chrono Boost)  
  33  3:05  Pylon  
  34  3:07  Probe (Chrono Boost)  
  34  3:09  Probe (Chrono Boost)  
  36  3:16  Stalker  
  36  3:18  Probe (Chrono Boost)  
  40  3:20  Probe (Chrono Boost)  
  40  3:23  Probe (Chrono Boost)  
  40  3:25  Probe (Chrono Boost)  
  42  3:29  Robotics Facility  
  42  3:32  Probe, Gateway  
  43  3:36  Probe  
  43  3:38  Pylon  
  44  3:43  Pylon  
  44  3:44  Probe  
  44  3:48  Probe  
  46  3:56  Probe  
  46  4:00  Probe  
  48  4:04  Nexus  
  48  4:09  Probe  
  48  4:17  Nexus  
  48  4:18  Pylon  
  48  4:20  Probe  
  48  4:21  Probe  
  48  4:23  Assimilator  
  50  4:24  Assimilator  
  50  4:26  Stalker x2  
  50  4:28  Observer  
  55  4:39  Probe  
  55  4:40  Probe  
  57  4:49  Stalker  
  57  4:50  Stalker  
  61  4:53  Probe x2  
  61  4:59  Immortal  
  67  5:05  Probe x2  
  69  5:08  Twilight Council  
  69  5:11  Forge  
  69  5:17  Probe (Chrono Boost)  
  69  5:18  Probe (Chrono Boost)  
  71  5:26  Pylon  
  71  5:28  Probe x2 (Chrono Boost), Zealot x2  
  77  5:32  Probe x3 (Chrono Boost)  
  80  5:40  Immortal  
  84  5:43  Probe  
  84  5:44  Probe x2  
  84  5:47  Assimilator  
  87  5:55  Nexus  
  87  5:56  Probe x2 (Chrono Boost)  
  89  5:57  Pylon  
  89  6:01  Charge  
  89  6:02  Protoss Ground Armor Level 1, Templar Archives  
  90  6:04  Probe (Chrono Boost)  
  90  6:08  Probe (Chrono Boost)  
  90  6:10  Zealot x2  
  95  6:15  Probe (Chrono Boost)  
  95  6:16  Probe (Chrono Boost)  
  95  6:17  Probe (Chrono Boost)  
  98  6:21  Probe x2  
  100  6:26  Immortal  
  100  6:31  Probe, Gateway  
  105  6:32  Zealot  
  105  6:33  Probe x2, Zealot  
  105  6:36  Gateway  
  107  6:45  Gateway  
  107  6:48  Probe (Chrono Boost), Gateway  
  107  6:49  Probe x2 (Chrono Boost)  
  110  6:58  Probe x3 (Chrono Boost)  
  113  7:03  Probe x3 (Chrono Boost)  
  116  7:08  Zealot  
  116  7:09  Zealot  
  116  7:13  Pylon  
  116  7:15  Immortal  
  124  7:16  Pylon  
  124  7:19  Probe x2  
  124  7:20  Probe  
  127  7:23  Pylon  
  127  7:25  Pylon  
  127  7:27  Pylon  
  127  7:30  Probe, Pylon  
  127  7:31  Probe x2  
  127  7:32  Probe  
  127  7:33  Zealot  
  127  7:34  Zealot x3  
  139  7:45  Forge x2  
  139  7:47  Blink  
  137  7:54  Immortal  
  137  7:58  Stalker x5  
  131  7:59  Stalker  
  124  8:08  Assimilator x2  
  121  8:29  Stalker x3  
  121  8:30  Stalker x3  
  121  8:32  Nexus  
  121  8:33  Immortal, Pylon, Protoss Ground Armor Level 2 (Chrono Boost)  
  137  8:35  Pylon  
  137  8:36  Protoss Ground Weapons Level 1 (Chrono Boost), Protoss Shields Level 1 (Chrono Boost)  
  137  8:51  Photon Cannon  
  137  8:54  Photon Cannon  
  137  8:55  Photon Cannon  
  137  8:56  Photon Cannon, Shield Battery  
  137  8:58  Shield Battery  
  137  8:59  Photon Cannon x2  
  137  9:02  Photon Cannon, Shield Battery  
  137  9:04  Photon Cannon  
  137  9:05  High Templar x2  
  137  9:06  High Templar x2, Shield Battery  
  137  9:08  High Templar  
  137  9:09  High Templar  
  149  9:14  Archon  
  149  9:15  Archon x2  
  149  9:16  Pylon  
  149  9:18  Immortal  
  153  9:26  Photon Cannon  
  153  9:28  Photon Cannon  
  153  9:31  Shield Battery  
  153  9:32  Assimilator  
  153  9:37  Assimilator  
  153  9:39  High Templar x4  
  153  9:40  High Templar  
  153  9:41  High Templar  
  153  9:43  Archon x2  
  165  9:45  Archon  
  165  9:50  Gateway  
  165  9:51  Gateway  
  165  9:54  Gateway  
  165  9:55  Gateway  
  165  9:59  Gateway  
  165  10:01  Gateway  
  165  10:06  Stargate  
  165  10:14  Stargate  
  165  10:15  Zealot x2  
  165  10:16  Zealot x3  
  165  10:17  Zealot  
  165  10:18  Stargate  
  165  10:20  Pylon  
  177  10:40  Zealot x2  
  177  10:41  Zealot x3  
  177  10:42  Zealot  
  189  10:44  Immortal  
  189  10:47  Robotics Facility  
  193  10:50  Zealot  
  193  10:51  Zealot x2  
  199  11:10  Zealot  
  199  11:11  Zealot x5  
  184  11:12  Zealot x5  
  184  11:13  Zealot  
  194  11:24  Observer  
  189  11:46  Fleet Beacon  
  173  11:47  Gateway  
  173  11:48  Gateway  
  173  11:50  Gateway  
  173  11:51  Gateway  
  163  11:55  High Templar x4  
  163  11:56  High Templar x5  
  163  11:57  High Templar x2  
  163  11:58  Zealot  
  163  12:01  Archon x4  
  179  12:02  Archon  
Tags
 
Add a new tag
Caveats
  • Supply blocks, unpowered buildings, or Contaminate may cause inaccurate times.
  • Supply counts are checked every 10 seconds.